 Dungeon Crawl Stone Soup version 0.30-a0-718-geaa24f58ff (webtiles) character file.

Game seed: 16670955571263590134

134971 kae the Alchemist (level 16, -1/165 HPs)
             Began as a Demonspawn Transmuter on Jan 25, 2023.
             Was the Champion of Hepliaklqana.
             Slain by a merfolk impaler
             ... wielding a +3 demon trident of venom
              (10 damage)
             ... on level 4 of the Shoals.
             The game lasted 00:32:49 (31651 turns).

kae the Alchemist (Demonspawn Transmuter)          Turns: 31651, Time: 00:32:49

Health: -1/165     AC: 20    Str: 28    XL:     16   Next: 63%
Magic:  0/31       EV: 13    Int: 21    God:    Hepliaklqana [******]
Gold:   3283       SH:  0    Dex: 18    Spells: 21/38 levels left

rFire   + + .      SeeInvis .      - Unarmed
rCold   x . .      Faith    .    (shield currently unavailable)
rNeg    . . .      Spirit   +    (body armour currently unavailable)
rPois   +          Reflect  .    (helmet currently unavailable)
rElec   .          Harm     .    (cloak unavailable)
rCorr   .          Rampage  .    (gloves currently unavailable)
Will    +....                    (boots currently unavailable)
Stlth   ++++                     G - amulet of guardian spirit
HPRegen 0.47/turn                O - +4 ring of protection
MPRegen 0.22/turn                S - +6 ring of strength

@: dragon-form (expiring), flying, studying Invocations
A: dragon claw, dragon scales, breathe fire, flying, boosted hp, reduced
essence, giant, thin skeletal structure 2, (spiny 1), demonic magic 2,
corrupting presence 1, (weakness stinger 3), (deformed body)
a: Breathe Fire, End Transformation, Renounce Religion, Recall Ancestor,
Ancestor Identity, Transference, Idealise


You were on level 4 of the Shoals.
You worshipped Hepliaklqana.
Hepliaklqana was exalted by your worship.
You were a fearsome dragon!
You visited 5 branches of the dungeon, and saw 27 of its levels.
You also visited: Volcano.

You collected 4243 gold pieces.
You spent 960 gold pieces at shops.


Innate Abilities, Weirdness & Mutations

You are a fearsome dragon!
You have a powerful clawing attack.
Your giant scaled body is strong and resiliant, but less evasive.
You can breathe fire.
You are flying.
Your maximum health is greatly increased.
Your armour is entirely melded.
You are incapable of wielding weapons or throwing items.
Your life essence is reduced to manifest your ancestor. (-10% HP)
You have a moderately thin skeletal structure. (Dex +4, Stealth++)
((You are partially covered in sharp spines.))
Spells you cast may paralyse nearby enemies.
Your presence sometimes corrodes those you injure.
((You have a sharp stinger which inflicts weakening toxins.))
((Armour fits poorly on your strangely shaped body.))


   Skills:
 + Level 10.5 Fighting
 + Level 9.8 Dodging
 + Level 11.9 Unarmed Combat
 + Level 11.7 Spellcasting
 * Level 16.2 Transmutations
 - Level 6.0 Ice Magic
 - Level 2.0 Poison Magic
 + Level 12.9 Invocations


You had 21 spell levels left.
You knew the following spells:

 Your Spells              Type           Power      Damage    Failure   Level
a - Dragon Form           Tmut           34%        N/A       6%          7
b - Wereblood             Tmut           69%        N/A       0%          2
c - Spider Form           Tmut/Pois      50%        N/A       1%          3
d - Ice Form              Ice/Tmut       56%        N/A       1%          4
e - Beastly Appendage     Tmut           100%       N/A       0%          1

Your spell library contained the following spells:

 Spells                   Type           Power      Damage    Failure   Level
 Sting                    Tmut/Pois      100%       1d8       1%          1
 Ozocubu's Armour         Ice            37%        N/A       1%          3
 Poisonous Vapours        Pois/Air       32%        N/A       5%          2
 Cigotuvi's Dreadful Rot  Necr/Pois/Air  30%        N/A       6%          2
 Mephitic Cloud           Conj/Pois/Air  15%        N/A       12%         3
 Gell's Gravitas          Tloc           12%        N/A       16%         3
 Teleport Other           Tloc           12%        N/A       16%         3
 Olgreb's Toxic Radiance  Pois           20%        N/A       24%         4
 Metabolic Englaciation   Hex/Ice        12%        N/A       41%         5
 Cause Fear               Hex            6%         N/A       47%         4
 Manifold Assault         Tloc           12%        N/A       47%         4
 Simulacrum               Ice/Necr       12%        N/A       94%         6
 Dispersal                Tloc           6%         N/A       100%        6
 Disjunction              Tloc           6%         N/A       100%        8
 Dragon's Call            Summ           6%         N/A       100%        9

Inventory:

Missiles
 k - 77 stones
 B - 2 javelins
 Q - 3 atropa-tipped darts
 T - 6 boomerangs
Armour
 a - a +1 robe (melded)
 L - a +0 hat (melded)
   (You took it off Gastronok on level 1 of the Lair of Beasts)
 Z - a +1 hat
   (You found it on level 5 of the Lair of Beasts)
Magical Staves
 Y - a staff of cold {!a}
   (You found it on level 5 of the Lair of Beasts)
Jewellery
 c - a ring of ice
   (You took it off Fannar on level 3 of the Lair of Beasts)
 g - an amulet of regeneration
   (You found it on level 5 of the Lair of Beasts)
 x - an amulet of reflection
   (You found it on level 7 of the Dungeon)
 A - an amulet of the acrobat
   (You found it on level 15 of the Dungeon)
 C - a ring of ice
   (You took it off a gnoll on level 4 of the Dungeon)
 G - an amulet of guardian spirit (around neck)
   (You took it off a hobgoblin on level 3 of the Dungeon)
 I - a +6 ring of intelligence
   (You found it on level 13 of the Dungeon)
 K - the ring of Fanaticism {Drain rPois Will+ Int+2}
   (You found it on level 2 of the Lair of Beasts)

   [ring of poison resistance]

   Int:       It affects your intelligence (+2).
   rPois:     It protects you from poison.
   Drain:     It drains your maximum health when unequipped.
   Will:      It increases your willpower.
 O - a +4 ring of protection (left foreclaw)
   (You found it on level 2 of the Dungeon)
 S - a +6 ring of strength (right foreclaw)
   (You found it on level 2 of the Lair of Beasts)
 U - an amulet of magic regeneration
   (You found it on level 4 of the Lair of Beasts)
Wands
 l - a wand of digging (11)
   (You took it off Jessica on level 2 of the Dungeon)
 p - a wand of mindburst (7)
   (You found it on level 4 of the Dungeon)
 F - a wand of polymorph (5)
   (You found it on level 9 of the Dungeon)
 N - a wand of charming (10)
   (You found it on level 12 of the Dungeon)
 W - a wand of roots (13)
   (You found it on level 10 of the Dungeon)
 X - a wand of flame (27)
   (You found it on level 5 of the Lair of Beasts)
Scrolls
 e - 5 scrolls of blinking {!r}
 f - 9 scrolls of enchant weapon
 j - 8 scrolls of teleportation {@r4}
 r - 2 scrolls of immolation {!r!r}
 w - 5 scrolls of fog
 y - a scroll of enchant armour
 z - 2 scrolls of identify {@r1}
 D - a scroll of brand weapon
 E - a scroll of poison {!r}
 J - a scroll of torment {!r}
 M - 2 scrolls of summoning
 P - 2 scrolls of magic mapping {!r}
Potions
 b - 2 potions of lignification {!q}
 d - 7 potions of might
 i - 8 potions of flight
 m - 7 potions of heal wounds {@q2}
 n - 11 potions of curing {@q1}
 o - 3 potions of cancellation
 q - 4 potions of attraction {!q}
 s - 5 potions of brilliance
 t - a potion of magic
 u - 4 potions of haste {@q3}
 v - 3 potions of mutation {!q}
 H - 4 potions of ambrosia
 R - 3 potions of berserk rage {!q}
 V - 3 potions of resistance
Miscellaneous
 h - a lightning rod (4/4)
   (You found it on level 5 of the Lair of Beasts)

Dungeon Overview and Level Annotations

Branches:
Dungeon (15/15) Zot: 25555  Temple (1/1) D:6 Zot: 5739    Lair (5/5) D:8 Zot: 20275
 Shoals (4/4) Lair:3 Zot: 20648  Spider (0/4) Lair:2        Slime (0/5) Lair:5
    Orc (2/2) D:9 Zot: 10108     Elf (0/3) Orc:2        Vaults (0/5) D:13
 Depths (0/4) D:15        Volcano (visited)

Altars:
Ashenzari
Cheibriados
Dithmenos
Fedhas
Gozag
Hepliaklqana
Kikubaaqudgha
Makhleb
Nemelex Xobeh
Okawaru
Qazlal
Ru
Sif Muna
Trog
Uskayaw
Vehumet
Wu Jian
Xom
Yredelemnul
Jiyva

Shops:
D:15 (   Orc:2 :*:[(

Annotations:
Lair:4 3 runed translucent doors, MoonlitKnight's ghost, journeyman MfGl

#..~#.#~ .#~ ~~ #~.~~..~
~ ~~#~. #~#~...~ ~~#..#~
#~..~~~. ~~~~.~~ #.#~.~<~
#~~~~~ #.~~.~.~ .^..m
#~..#~#.
#####.ยง##########..~~~~~
......mD.).(.โ€
.....~#~#~
...........))....~~~~~~~
########################


You could see a merfolk impaler (corroded) and a merfolk aquamancer.


Message History

The wind drake hisses angrily.
You claw the merfolk avatar! You bite the merfolk avatar!
The merfolk avatar chants its luring song.
The water elemental closely misses you. ๐Ÿ˜จ MP[+1]
You maul the merfolk avatar!!!
Your corrupting presence corrodes the merfolk avatar!
You hear a shout!
The merfolk avatar chants its luring song.
The water elemental hits you. ๐Ÿ˜จ HP[+1] Unknown command.
You barely miss the merfolk avatar. The wind drake flaps its wings at you.
The air twists around and strikes you.
The merfolk avatar chants its luring song.
You bite the merfolk avatar!! You bite the merfolk avatar.
You are no longer entranced.
You kill the merfolk avatar!
The water elemental hits you. The wind drake flaps its wings at you.
The air twists around and strikes you. ๐Ÿ˜จ HP[+1] Unknown command.
You maul the water elemental!!!
You destroy the water elemental!
The merfolk impaler hits you but does no damage.
You are poisoned.
A merfolk aquamancer comes into view.
It is wielding a +2 rapier of electrocution.
You feel sick. The wind drake flaps its wings at you.
The air twists around and strikes you!
* * * LOW HITPOINT WARNING * * *
The merfolk impaler hits you but does no damage.
The wind drake exhales a fierce blast of wind!
You are knocked back by the gust of wind. ๐Ÿ˜จ HP[-8] MP[-1]
You take 8 damage, and now have 54/165 hp.
You lost 1 mp, and now have 12/31 mp.
You feel sick. The merfolk impaler barely misses you.
The wind drake bites you but does no damage. ๐Ÿ˜จ HP[-1] MP[+1]
You take 1 damage, and now have 53/165 hp.
You closely miss the wind drake.
You bite the wind drake, but do no damage.
You feel sick. The merfolk impaler closely misses you.
The wind drake closely misses you. ๐Ÿ˜จ HP[-1]
You take 1 damage, and now have 52/165 hp.
Unknown command.
You maul the wind drake!!!!
You kill the wind drake! ๐Ÿ˜จ HP[+1] Unknown command.
You hit the merfolk aquamancer but do no damage.
You feel sick.
The merfolk impaler hits you with a +3 demon trident of venom!
* * * LOW HITPOINT WARNING * * *
๐Ÿ˜ฑ HP[-12] MP[-2]
You take 12 damage, and now have 41/165 hp.
You lost 2 mp, and now have 11/31 mp.
Unknown command.
You bite the merfolk aquamancer!!
You feel sick.
The merfolk aquamancer hits you but does no damage.
The merfolk impaler hits you with a +3 demon trident of venom!
* * * LOW HITPOINT WARNING * * *
๐Ÿ˜ฑ HP[-14] MP[-3]
You take 14 damage, and now have 27/165 hp.
You lost 3 mp, and now have 8/31 mp.
Unknown command.
You maul the merfolk impaler!!!
Your corrupting presence corrodes the merfolk impaler!
You bite the merfolk impaler!
You feel sick.
The merfolk impaler hits you but does no damage.
The merfolk aquamancer hits you but does no damage.
You are electrocuted!
* * * LOW HITPOINT WARNING * * *
The merfolk impaler hits you with a +3 demon trident of venom!
* * * LOW HITPOINT WARNING * * *
You claw the merfolk aquamancer! You bite the merfolk aquamancer!
The merfolk impaler misses you.
The merfolk aquamancer mumbles some strange words.
The merfolk aquamancer blinks! ๐Ÿ˜ฑ HP[-18] MP[-4]
You take 18 damage, and now have 9/165 hp.
You lost 4 mp, and now have 4/31 mp.
Unknown command.
You barely miss the merfolk impaler. Your bite misses the merfolk impaler.
You feel sick.
You are no longer poisoned.
The merfolk impaler hits you but does no damage. ๐Ÿ˜ฑ HP[-1]
You take 1 damage, and now have 8/165 hp.
Unknown command.
You bite the merfolk impaler!!
The merfolk impaler seems to be corroded for longer.
You tail-slap the merfolk impaler.
Your transformation is almost over.
The merfolk impaler hits you with a +3 demon trident of venom!
You die...

Skill      XL: |  1  2  3  4  5  6  7  8  9 10 11 12 13 14 15 16 |
---------------+-------------------------------------------------+-----
Transmutations | 2 3 4 5 7 8 10 11 12 13 14 15 16 | 16.2
Unarmed Combat | 3 4 5 6 7 8 9 10 11 | 11.9
Poison Magic   | 1 2 |  2.0
Spellcasting   | 3 4 5 6 7 8 9 10 11 | 11.7
Ice Magic      | 1 3 5 6 |  6.0
Dodging        | 2 4 5 7 8 9 |  9.8
Fighting       | 2 4 6 7 8 9 10 | 10.5
Invocations    | 4 7 9 11 12 | 12.9

Action                     |  1- 3 |  4- 6 |  7- 9 | 10-12 | 13-15 | 16-18 || total
---------------------------+-------+-------+-------+-------+-------+-------++-------
  Melee: Unarmed           |    87 |   206 |   266 |   549 |   776 |   147 ||  2031
         Kick              |    15 |    15 |       |       |       |       ||    30
         Headbutt          |     9 |    15 |       |       |       |       ||    24
         Tailslap          |     3 |    14 |     3 |     1 |   103 |    26 ||   150
         Punch             |     1 |     2 |       |       |    36 |    16 ||    55
         Bite              |       |       |       |       |    53 |    27 ||    80
   Cast: Beastly Appendage |    18 |    18 |       |       |     1 |       ||    37
         Spider Form       |       |    14 |     9 |       |     1 |       ||    24
         Wereblood         |       |     4 |    13 |    12 |    18 |     4 ||    51
         Ice Form          |       |     1 |    19 |    54 |    18 |       ||    92
         Dragon Form       |       |       |       |       |    67 |    18 ||    85
 Invoke: Transference      |       |       |       |     1 |       |       ||     1
         Ancestor Life: He |       |       |       |     1 |       |       ||     1
         Recall Ancestor   |       |       |       |     1 |     1 |       ||     2
Ability: End Transformatio |       |       |       |       |     1 |       ||     1
    Use: Scroll            |       |    10 |     5 |    10 |    10 |       ||    35
         Potion            |       |       |       |     1 |       |     2 ||     3
   Stab: Paralysed         |       |     7 |     2 |     8 |    37 |    10 ||    64
         Sleeping          |       |     2 |       |     2 |     6 |     1 ||    11
         Distracted        |       |       |     1 |     6 |     9 |     1 ||    17
         Confused          |       |       |       |    14 |    13 |     1 ||    28
         Petrifying        |       |       |       |     1 |       |       ||     1
 Armour: Robe              |    29 |    40 |     1 |     1 |     3 |       ||    74
         Skin              |       |     8 |   103 |   188 |   415 |   112 ||   826
  Dodge: Dodged            |    44 |   133 |   186 |   252 |   398 |    78 ||  1091

Levels and vault maps discovered:
D:1:      eino_arrival_cavern_e, layout_loops_ring, hangedman_decor_growths
D:2:      layout_rooms, uniq_jessica
D:3:      layout_basic, dilly_ecumenical_altar_fadedgnrine,
          palyth_stone_intersect
D:4:      layout_rooms, lightli_temple_of_fire
D:5:      layout_loops_ring
D:6:      layout_loops_ring, lemuel_round_altar, minmay_temple_entry_large_hall,
          minmay_misc_feat_cross, uniq_edmund, uniq_blork_the_orc
D:7:      layout_basic, mainiacjoe_overflow_boulevard, feat_on_display
D:8:      layout_gridville, amcnicky_altar_gilded, david_lair_shrubbed
D:9:      layout_small_grid, minmay_orc_entry_temple_small,
          minmay_misc_feat_tiny
D:10:     layout_roguey, chequers_temple_overflow_statue_of_worship
D:11:     layout_cave_pools, uniq_lodul, uniq_erica, uniq_erolcha
D:12:     nicolae_cairo_tiling_very_big, layout_loops_corners,
          cheibriados_altar_1, uniq_kirke
D:13:     minmay_glassy_protrusions, layout_basic, erik_vaults_1, serial_ice,
          serial_ice_m, serial_ice_b, serial_ice_n, serial_ice_o, serial_ice_e,
          serial_ice_g, serial_ice_f, corner_web_ring, minivault_16,
          nicolae_hepliaklqana_monster_ancestors
D:14:     layout_loops_cross, serial_co_window_serial, co_window_corner_a,
          co_window_corner_a, co_window_of_opportunity_a, co_window_corner_a,
          co_window_of_opportunity_a, co_window_unsneaky_path_c,
          co_window_broadway_b, co_window_broadway_c, co_window_broadway_a,
          co_window_4corner_a, glass_columns_b, glass_columns_c,
          glass_columns_b, uniq_jorgrun
D:15:     grunt_enter_depths_magical_seal, layout_rooms,
          minmay_misc_feat_ornament, serial_shops, nicolae_shop_stone
Temple:   regret_index_temple_generic_petals
Lair:1:   layout_cave_pods, special_room [special_room_bee], uniq_gastronok
Lair:2:   nzn_winding_woodlands_large [nzn_winding_woodlands_5x5_default,
          nzn_winding_woodlands_5x15_longhouse,
          nzn_winding_woodlands_5x5_closed_star,
          nzn_winding_woodlands_center_lodge,
          nzn_winding_woodlands_15x15_killbox,
          nzn_winding_woodlands_center_diamonds,
          nzn_winding_woodlands_5x5_three, nzn_winding_woodlands_5x15_cabin,
          nzn_winding_woodlands_5x5_default], layout_gridlike,
          dummy_spider_entry
Lair:3:   layout_hall_layers, minmay_shoals_entry_hut, uniq_fannar
Lair:4:   layout_long_grid, ebering_ghost_rock_garden,
          grunt_forest_stairs_clearing, serial_bayou_shore_b, lemuel_fruit_tree,
          infiniplex_staircase_pool_2, grunt_megastairs_2
Lair:5:   due_jungle_book, layout_regular_city, nicolae_slime_entry_slimehenge,
          nicolae_lair_lil_pond
Shoals:1: cheibrodos_shoals_oceanic_diplomacy, layout_shoals
Shoals:2: layout_shoals, uniq_polyphemus
Shoals:3: layout_shoals
Shoals:4: shoals_end_hellmonk_storm_palace [storm_palace_center_square,
          storm_palace_corner_narrow, storm_palace_corner_grid,
          storm_palace_corner_reverse_hut, storm_palace_corner_reverse_hut],
          uniq_bai_suzhen
Orc:1:    layout_diamond_mine, hellmonk_ghost_happy_afterlife,
          nicolae_volcano_entry_vermiform, basic_altar
Orc:2:    grunt_orc_cross, layout_caves, basic_altar, nicolae_shop_vocational

Notes
Turn   | Place    | Note
-------+----------+-------------------------------------------
     0 | D:1      | kae the Demonspawn Transmuter began the quest for the Orb.
     0 | D:1      | Reached XP level 1. HP: 15/15 MP: 3/3
     0 | D:1      | magus.rc [v1.11.3]
   196 | D:1      | Reached skill level 2 in Transmutations
   292 | D:1      | Gained mutation: You have a small tail. [demonic ancestry]
   292 | D:1      | Reached XP level 2. HP: 16/21 MP: 3/5
   422 | D:1      | HP: 5/21 [kobold/+0 short sword (1)]
   908 | D:2      | Reached skill level 3 in Unarmed Combat
   912 | D:2      | Gained mutation: Spells you cast may paralyse adjacent
                  | enemies. [demonic ancestry]
   912 | D:2      | Reached XP level 3. HP: 20/26 MP: 4/6
   915 | D:2      | Learned a level 2 spell: Wereblood
   919 | D:2      | Learned a level 3 spell: Spider Form
  1049 | D:2      | Noticed Jessica
  1064 | D:2      | Killed Jessica
  1065 | D:2      | Reached skill level 3 in Transmutations
  1074 | D:2      | Reached XP level 4. HP: 18/32 MP: 5/7
  1857 | D:3      | Reached skill level 1 in Poison Magic
  2012 | D:3      | Gained mutation: You have a tail ending in a sharp stinger.
                  | [demonic ancestry]
  2012 | D:3      | Reached XP level 5. HP: 37/37 MP: 4/9
  2607 | D:3      | Found a faded altar of an unknown god.
  2691 | D:4      | Reached skill level 3 in Spellcasting
  2730 | D:4      | Noticed an ogre
  2741 | D:4      | Killed an ogre
  2742 | D:4      | Reached skill level 4 in Transmutations
  2742 | D:4      | Reached skill level 2 in Poison Magic
  2742 | D:4      | Reached XP level 6. HP: 20/43 MP: 3/10
  3117 | D:4      | Found a bloodstained altar of Trog.
  3167 | D:4      | Reached skill level 4 in Unarmed Combat
  3403 | D:4      | Learned a level 4 spell: Ice Form
  3434 | D:5      | Entered Level 5 of the Dungeon
  3803 | D:5      | HP: 11/51 [ogre/+0 giant club (14)]
  3805 | D:5      | Reached XP level 7. HP: 10/48 MP: 1/12
  3974 | D:4      | Reached skill level 5 in Transmutations
  4094 | D:5      | Reached skill level 4 in Spellcasting
  4737 | D:6      | Found a staircase to the Ecumenical Temple.
  4755 | D:6      | Reached skill level 1 in Ice Magic
  4755 | D:6      | Reached XP level 8. HP: 54/54 MP: 7/14
  4761 | Temple   | Entered the Ecumenical Temple
  5004 | Temple   | Became a worshipper of Hepliaklqana the Forgotten
  5149 | D:6      | Reached skill level 6 in Transmutations
  5211 | D:6      | Identified a scroll of acquirement
  5211 | D:6      | Acquired 287 gold pieces
  5362 | D:6      | Reached skill level 5 in Unarmed Combat
  5382 | D:6      | Found a shimmering blue altar of Sif Muna.
  5604 | D:6      | Reached skill level 2 in Ice Magic
  5639 | D:6      | Identified the +7 chain mail of the Unseen Realm {Str+4
                  | Dex+3}
  5769 | D:6      | Noticed Edmund
  5770 | D:6      | Noticed Blork the orc
  5784 | D:6      | Killed Edmund
  5792 | D:6      | Killed Blork the orc
  5966 | D:6      | Reached skill level 3 in Ice Magic
  6157 | D:7      | Reached skill level 5 in Spellcasting
  6344 | D:7      | Reached skill level 7 in Transmutations
  6394 | D:7      | Gained mutation: You are partially covered in sharp spines.
                  | [demonic ancestry]
  6394 | D:7      | Reached XP level 9. HP: 59/59 MP: 11/16
  6394 | D:7      | Reached * piety under Hepliaklqana
  6420 | D:7      | Reached skill level 4 in Ice Magic
  6976 | D:7      | Reached skill level 6 in Unarmed Combat
  6976 | D:7      | Reached skill level 5 in Ice Magic
  7320 | D:8      | Reached skill level 8 in Transmutations
  7534 | D:8      | Found a staircase to the Lair.
  7536 | D:8      | Noticed a komodo dragon
  7555 | D:8      | Killed a komodo dragon
  7556 | D:8      | Reached skill level 6 in Spellcasting
  7722 | D:8      | Found a snail-covered altar of Cheibriados.
  8012 | D:8      | Gained mutation: You have a somewhat thin skeletal
                  | structure. (Dex +2, Stealth+) [demonic ancestry]
  8012 | D:8      | Reached XP level 10. HP: 58/58 MP: 17/19
  8050 | D:8      | Reached ** piety under Hepliaklqana
  8114 | D:8      | Remembered your ancestor Senakhtenre as a hexer
  8191 | D:9      | Found a staircase to the Orcish Mines.
  8220 | D:9      | Reached skill level 6 in Ice Magic
  8429 | D:9      | HP: 14/62 [wight/+3 halberd (3)]
  8440 | D:9      | HP: 15/62 [wight/+3 halberd (3)]
  8935 | D:9      | Reached skill level 9 in Transmutations
  9092 | D:10     | Entered Level 10 of the Dungeon
  9167 | D:10     | Noticed a manticore
  9323 | D:10     | Killed a manticore
  9324 | D:10     | Reached skill level 7 in Unarmed Combat
  9332 | D:10     | Noticed a smoke demon
  9466 | D:10     | Found an opulent altar of Gozag.
  9467 | D:10     | Found an iron altar of Okawaru.
  9468 | D:10     | Found a hide-covered altar of Uskayaw.
  9602 | D:10     | Noticed an orange demon
  9619 | D:10     | Reached skill level 2 in Dodging
 10020 | Lair:1   | Entered Level 1 of the Lair of Beasts
 10045 | Lair:1   | Reached *** piety under Hepliaklqana
 10214 | Lair:1   | Noticed Gastronok
 10226 | Lair:1   | Killed Gastronok
 10227 | Lair:1   | Reached skill level 2 in Fighting
 10227 | Lair:1   | Reached skill level 7 in Spellcasting
 10227 | Lair:1   | Reached skill level 10 in Transmutations
 10283 | Lair:1   | Gained mutation: You have a sharp stinger which inflicts
                  | weakening toxins. [demonic ancestry]
 10283 | Lair:1   | Reached XP level 11. HP: 36/65 MP: 9/21
 10454 | Lair:1   | You pick up a book of the Dragon and begin reading...
 10454 | Lair:1   | You add the spells Cause Fear, Dragon Form and Dragon's
                  | Call to your library.
 10667 | Lair:1   | Reached skill level 3 in Dodging
 10692 | Lair:1   | Reached skill level 3 in Fighting
 11387 | Lair:2   | Noticed a catoblepas
 11392 | Lair:2   | HP: 18/80 [catoblepas (14)]
 11397 | Lair:2   | HP: 11/80 [catoblepas (3)]
 11398 | Lair:2   | Killed a catoblepas
 11842 | Lair:2   | Noticed a seven-headed hydra
 11848 | Lair:2   | Killed a seven-headed hydra
 11851 | Lair:2   | Reached skill level 8 in Unarmed Combat
 11896 | Lair:2   | Noticed a death yak
 11911 | Lair:2   | Killed a death yak
 11912 | Lair:2   | Reached skill level 4 in Fighting
 11914 | Lair:2   | Reached skill level 4 in Dodging
 11925 | Lair:2   | Reached skill level 11 in Transmutations
 11937 | Lair:2   | HP: 16/82 [komodo dragon (8)]
 11939 | Lair:2   | Reached skill level 8 in Spellcasting
 12137 | Lair:2   | Noticed a boulder beetle
 12146 | Lair:2   | Noticed a catoblepas
 12193 | Lair:2   | HP: 21/84 [catoblepas (16)]
 12196 | Lair:2   | Identified the ring of Fanaticism {Drain rPois Will+ Int+2}
 12577 | Lair:2   | Killed a boulder beetle
 12711 | Lair:2   | HP: 16/84 [catoblepas (14)]
 12712 | Lair:2   | HP: 4/84 [catoblepas (12)]
 12717 | Lair:2   | Killed a catoblepas
 13008 | Lair:2   | Gained mutation: Your presence sometimes corrodes those you
                  | injure. [demonic ancestry]
 13008 | Lair:2   | Reached XP level 12. HP: 60/76 MP: 19/24
 13174 | Lair:2   | Found a hole to the Spider Nest.
 13320 | Lair:2   | Reached **** piety under Hepliaklqana
 13422 | Lair:2   | Noticed a death yak
 13431 | Lair:2   | Killed a death yak
 13593 | Lair:2   | Noticed a five-headed hydra
 13593 | Lair:2   | Noticed a boulder beetle
 13600 | Lair:2   | Killed a five-headed hydra
 13601 | Lair:2   | Reached skill level 5 in Fighting
 13601 | Lair:2   | Reached skill level 1 in Invocations
 13844 | Lair:2   | Killed a boulder beetle
 13845 | Lair:2   | Reached skill level 2 in Invocations
 14040 | Lair:3   | Reached skill level 5 in Dodging
 14110 | Lair:3   | Found a staircase to the Shoals.
 14188 | Lair:3   | HP: 16/92 [oklob plant/splash of acid (11)]
 14583 | Lair:3   | Reached skill level 3 in Invocations
 14744 | Lair:3   | Noticed Fannar
 14756 | Lair:3   | Killed Fannar
 14791 | Lair:3   | Reached skill level 12 in Transmutations
 15144 | Lair:4   | Reached skill level 9 in Unarmed Combat
 15260 | Lair:4   | Noticed a boulder beetle
 15271 | Lair:4   | Killed a boulder beetle
 15272 | Lair:4   | Reached skill level 4 in Invocations
 15413 | Lair:4   | Found a runed translucent gate.
 15413 | Lair:4   | Found a runed translucent gate.
 15413 | Lair:4   | Found a runed translucent gate.
 15413 | Lair:4   | Noticed MoonlitKnight's ghost (journeyman MfGl)
 15438 | Lair:4   | Noticed a death yak
 15440 | Lair:4   | Noticed a death yak
 15441 | Lair:4   | Noticed a death yak
 15460 | Lair:4   | Noticed a death yak
 15463 | Lair:4   | Reached skill level 6 in Fighting
 15466 | Lair:4   | Killed a death yak
 15477 | Lair:4   | Killed a death yak
 15483 | Lair:4   | Killed a death yak
 15487 | Lair:4   | Killed a death yak
 15488 | Lair:4   | Reached skill level 9 in Spellcasting
 15669 | Lair:4   | Reached XP level 13. HP: 83/83 MP: 26/26
 15851 | Lair:4   | Reached ***** piety under Hepliaklqana
 16319 | Lair:5   | Entered Level 5 of the Lair of Beasts
 16328 | Lair:5   | Reached skill level 5 in Invocations
 16328 | Lair:5   | Learned a level 7 spell: Dragon Form
 16373 | Lair:5   | Found a staircase to the Slime Pits.
 16376 | Lair:5   | Found a viscous altar of Jiyva.
 16390 | Lair:5   | Reached skill level 6 in Dodging
 16501 | Lair:5   | HP: 20/100 [cane toad (12)]
 16842 | Lair:5   | HP: 23/100 [poisoned by a cane toad]
 16846 | Lair:5   | HP: 11/100 [poisoned by a cane toad]
 16851 | Lair:5   | HP: 7/100 [poisoned by a cane toad]
 17423 | Lair:5   | Reached skill level 6 in Invocations
 17861 | Lair:5   | Reached skill level 13 in Transmutations
 17864 | Lair:5   | HP: 23/102 [lindwurm (5)]
 17868 | Lair:5   | Reached skill level 7 in Fighting
 18323 | Lair:5   | Noticed a dire elephant
 18323 | Lair:5   | Noticed a dire elephant
 18324 | Lair:5   | Noticed a dire elephant
 18325 | Lair:5   | Noticed a dire elephant
 18326 | Lair:5   | Noticed a dire elephant
 18340 | Lair:5   | HP: 16/103 [dire elephant (21)]
 18343 | Lair:5   | Killed a dire elephant
 18862 | Lair:5   | Reached skill level 7 in Invocations
 19119 | Lair:5   | Reached skill level 7 in Dodging
 19141 | Lair:5   | Gained mutation: Armour fits poorly on your strangely
                  | shaped body. [a neqoxec]
 19251 | Lair:5   | Killed a dire elephant
 19258 | Lair:5   | Killed a dire elephant
 19259 | Lair:5   | Reached skill level 10 in Unarmed Combat
 19262 | Lair:5   | Killed a dire elephant
 19263 | Lair:5   | Gained mutation: You have a moderately thin skeletal
                  | structure. (Dex +4, Stealth++) [demonic ancestry]
 19263 | Lair:5   | Reached XP level 14. HP: 84/92 MP: 9/27
 19274 | Lair:5   | HP: 3/138 [dire elephant simulacrum (60)]
 19873 | D:11     | Noticed Lodul
 20049 | D:11     | Killed Lodul
 20091 | D:11     | Reached skill level 10 in Spellcasting
 20233 | D:11     | Noticed Erolcha
 20244 | D:11     | Killed Erolcha
 20399 | D:11     | Noticed Erica
 20406 | D:11     | Killed Erica
 20407 | D:11     | Reached skill level 8 in Invocations
 20984 | D:12     | Reached skill level 8 in Fighting
 21105 | D:12     | Found a snail-covered altar of Cheibriados.
 21109 | D:12     | Noticed Kirke
 21119 | D:12     | Killed Kirke
 21125 | D:12     | Reached skill level 14 in Transmutations
 21174 | D:12     | You pick up a book of Winter and begin reading...
 21174 | D:12     | You add the spells Ozocubu's Armour, Metabolic Englaciation
                  | and Simulacrum to your library.
 22330 | D:13     | Found a hazy altar of Hepliaklqana.
 22529 | D:13     | Reached ****** piety under Hepliaklqana
 22546 | D:13     | Reached skill level 8 in Dodging
 22724 | D:13     | Reached skill level 9 in Invocations
 22754 | D:13     | Found a gate to the Vaults.
 22976 | D:13     | magus.rc [v1.11.3]
 23199 | D:13     | You pick up a book of Vapours and begin reading...
 23199 | D:13     | You add the spells Poisonous Vapours, Cigotuvi's Dreadful
                  | Rot and Mephitic Cloud to your library.
 23315 | D:13     | Acquired 893 gold pieces
 23383 | D:14     | You pick up a book of the Warp and begin reading...
 23383 | D:14     | You add the spells Manifold Assault, Dispersal and
                  | Disjunction to your library.
 23610 | D:14     | Noticed Jorgrun
 23618 | D:14     | Killed Jorgrun
 23619 | D:14     | Reached XP level 15. HP: 100/100 MP: 12/29
 24601 | D:15     | Entered Level 15 of the Dungeon
 25017 | D:15     | Reached skill level 9 in Fighting
 25130 | D:15     | You add the spells Sting and Olgreb's Toxic Radiance to
                  | your library.
 25184 | D:15     | Reached skill level 11 in Unarmed Combat
 25255 | D:15     | Found Mika's Antique Weapon Shoppe.
 25401 | D:15     | Reached skill level 15 in Transmutations
 25401 | D:15     | Reached skill level 10 in Invocations
 25409 | D:15     | Found a staircase to the Depths.
 25654 | D:15     | Acquired 581 gold pieces
 25955 | Orc:1    | Entered Level 1 of the Orcish Mines
 26003 | Orc:1    | Found a runed translucent door.
 26003 | Orc:1    | Noticed Leosebu's ghost (adept DjCj)
 26431 | Orc:1    | Found a dark tunnel.
 26440 | Volcano  | Entered a volcano
 26500 | Volcano  | Reached skill level 11 in Spellcasting
 26922 | Orc:1    | Killed Leosebu's ghost
 26981 | Orc:2    | Entered Level 2 of the Orcish Mines
 26991 | Orc:2    | Found a staircase to the Elven Halls.
 27112 | Orc:2    | HP: 32/153 [orc warrior/+0 trident[an orc warlord] (10)]
 27394 | Orc:2    | Found Laliwk's Antique Weapon Shoppe.
 27405 | Orc:2    | Reached skill level 9 in Dodging
 27632 | Orc:2    | Found Xuunu's Book Shoppe.
 27648 | Orc:2    | Found Ycreygof's General Store.
 27940 | Orc:2    | Found Usiczubb's Antique Armour Shoppe.
 27965 | Orc:2    | Found Qiuriris's Vocational Training.
 27973 | Orc:2    | Bought a manual of Invocations for 960 gold pieces
 28386 | Shoals:1 | Entered Level 1 of the Shoals
 28923 | Shoals:1 | Reached skill level 11 in Invocations
 29233 | Shoals:1 | You add the spells Gell's Gravitas and Teleport Other to
                  | your library.
 29359 | Shoals:1 | Gained mutation: Spells you cast may paralyse nearby
                  | enemies. [demonic ancestry]
 29359 | Shoals:1 | Reached XP level 16. HP: 109/109 MP: 31/31
 29793 | Shoals:2 | Reached skill level 10 in Fighting
 29956 | Shoals:2 | Noticed Polyphemus
 29965 | Shoals:2 | Killed Polyphemus
 30552 | Shoals:3 | Reached skill level 12 in Invocations
 30698 | Shoals:3 | HP: 36/163 [faun/sling bullet[a satyr] (16)]
 30705 | Shoals:3 | HP: 37/163 [barbs]
 30709 | Shoals:3 | HP: 18/163 [barbs]
 30718 | Shoals:3 | HP: 40/163 [barbs]
 30723 | Shoals:3 | HP: 35/163 [satyr/arrow (5)]
 30726 | Shoals:3 | Reached skill level 16 in Transmutations
 30727 | Shoals:3 | HP: 8/163 [faun/+0 quarterstaff[a satyr] (11)]
 31561 | Shoals:4 | Entered Level 4 of the Shoals
 31585 | Shoals:4 | Paralysed by an air elemental for 1 turns
 31606 | Shoals:4 | Paralysed by an air elemental for 1 turns
 31613 | Shoals:4 | Paralysed by an air elemental for 1 turns
 31631 | Shoals:4 | Paralysed by an air elemental for 1 turns
 31646 | Shoals:4 | HP: 41/165 [merfolk impaler/+3 demon trident of venom (11)]
 31648 | Shoals:4 | HP: 19/165 [merfolk aquamancer/+2 rapier of electrocution
                  | (8)]
 31648 | Shoals:4 | HP: 9/165 [merfolk impaler/+3 demon trident of venom (10)]
 31651 | Shoals:4 | Slain by a merfolk impaler

Vanquished Creatures
  Jorgrun (D:14)
  Polyphemus (Shoals:2)
  Kirke (D:12)
  The ghost of Leosebu the Warrior, an adept DjCj of Ashenzari (Orc:1)
  An orc warlord (Orc:2)
  4 dire elephants (Lair:5)
  An ettin (D:13)
  2 merfolk impalers
  Fannar (Lair:3)
  Erolcha (D:11)
  A merfolk avatar (Shoals:4)
  Erica (D:11)
  A hydra (Lair:2)
  An alligator snapping turtle (shapeshifter) (D:13)
  5 centaur warriors
  4 catoblepae
  A merfolk aquamancer (Shoals:3)
  2 dancing weapons (D:13)
  A two-headed ogre (D:11)
  2 deep troll earth magi (D:13)
  A death knight (D:15)
  2 boulder beetles (Lair:2)
  2 satyrs
  9 death yaks
  An orc high priest (Orc:2)
  3 sea snakes
  5 skeletal warriors
  A spectral anaconda (Lair:5)
  A wizard (D:15)
  4 lindwurms
  2 deep elf pyromancers
  5 orc knights (Orc:2)
  A phantasmal warrior (D:15)
  18 harpies
  An obsidian statue (Lair:5)
  14 fauns
  4 necromancers
  A wolf spider (D:15)
  6 manticores
  A wolf spider zombie (D:15)
  4 orc sorcerers
  8 cyclopes
  7 ugly things
  A merfolk siren (Shoals:2)
  16 elephants
  A naga mage (D:15)
  A guardian serpent (shapeshifter) (D:13)
  A torpor snail (Lair:3)
  5 black mambas
  An ice statue (D:13)
  5 water nymphs
  3 molten gargoyles (Volcano)
  2 rime drakes (Lair:2)
  2 centaur skeletons (D:15)
  7 cane toads
  4 dire elephant skeletons (Lair:5)
  5 freezing wraiths (D:15)
  3 kobold demonologists
  5 komodo dragons
  2 tengu conjurers (D:13)
  2 efreet (Volcano)
  A yaktaur (D:15)
  12 merfolk
  3 polar bears
  A queen bee (Lair:1)
  8 trolls
  A blink frog (shapeshifter) (D:13)
  4 wind drakes
  A hornet (D:7)
  4 blink frogs
  2 spectral elephants (Lair:5)
  6 dream sheep
  9 snapping turtles
  3 air elementals (Shoals:4)
  A vampire (D:14)
  2 centaur simulacra
  3 wraiths
  A spriggan (Lair:4)
  5 wyverns
  2 shadows
  6 water elementals
  2 hogs (D:12)
  4 basilisks
  24 yaks
  6 fire elementals (Volcano)
  17 vampire mosquitoes
  2 wargs
  A spectral cane toad (Lair:5)
  A harpy simulacrum (D:15)
  2 acid dragons (D:12)
  14 water moccasins
  Edmund (D:6)
  25 orc warriors
  A sky beast (D:7)
  5 black bears
  A sky beast (shapeshifter) (D:15)
  An ogre (shapeshifter) (D:13)
  6 ice beasts
  7 wolves
  An elephant zombie (Lair:5)
  15 ogres
  2 elephant skeletons (Lair:5)
  5 centaurs
  2 kobold brigands
  9 bullfrogs
  2 necrophages
  Blork the orc (D:6)
  A cane toad simulacrum (Lair:5)
  2 gnoll sergeants
  A scorpion (D:7)
  3 earth elementals (Volcano)
  10 wights
  2 hexers
  A hornet simulacrum (D:15)
  2 elephant simulacra (Lair:5)
  34 killer bees
  2 howler monkeys
  3 electric eels (D:13)
  3 hounds
  22 orc priests
  3 jellies
  2 gnoll boudas
  Jessica (D:2)
  21 orc wizards
  26 gnolls
  2 adders
  A shadow imp (D:6)
  9 white imps
  An ufetubus (D:13)
  5 worms
  6 dart slugs
  53 orcs
  4 ball pythons
  9 endoplasms
  3 giant cockroaches
  8 goblins
  5 hobgoblins
  2 jackals (D:2)
  19 kobolds
  4 quokkas
  9 bats
  5 frilled lizards
  A rat (D:2)
  A fire vortex (Volcano)
718 creatures vanquished.

Vanquished Creatures (collateral kills)
  Gastronok (Lair:1)
  A dire elephant (Lair:5)
  A merfolk impaler (Shoals:3)
  A hydra (Lair:2)
  A centaur warrior (D:15)
  A death knight (D:15)
  A boulder beetle (Lair:4)
  Lodul (D:11)
  A necromancer (Lair:5)
  2 ugly things
  A harpy (Shoals:2)
  An oklob plant (Lair:3)
  5 elephants (Lair:5)
  A black mamba (Lair:5)
  A rime drake (Lair:2)
  A komodo dragon (Lair:3)
  A kobold demonologist (D:10)
  3 merfolk
  2 dream sheep
  A hornet (D:9)
  A centaur simulacrum (D:13)
  A snapping turtle (Shoals:2)
  A wyvern (Lair:2)
  3 basilisks
  A hog (D:12)
  5 yaks
  A vampire mosquito (D:13)
  6 water moccasins
  An orc warrior (Orc:2)
  A centaur (D:13)
  3 wolves
  2 bullfrogs
  A howler monkey (D:9)
  3 jellies
  3 orc priests
  5 orc wizards
  A gnoll (D:8)
  7 orcs
  An endoplasm (Lair:5)
  2 kobolds (D:8)
  A spectral kobold (D:13)
78 creatures vanquished.

Vanquished Creatures (others)
  A human (D:12)
  15 hexers
  An orc wizard (Orc:2)
  14 fungi
  21 plants
  20 withered plants (Lair:5)
72 creatures vanquished.

Grand Total: 868 creatures vanquished

Table legend:
 A = Non-vault XP
 B = Vault XP
 C = Vault XP percentage of total XP
 D = Non-vault monster count
 E = Vault monster count
 F = Vault count percentage of total count
                 A         B        C        D         E       F
            +---------+---------+-------+---------+---------+-------
      Total |  110842 |   81975 |  42.5 |     543 |     251 |  31.6
            +---------+---------+-------+---------+---------+-------
        D:1 |      34 |       0 |   0.0 |      20 |       0 |   0.0
        D:2 |      56 |      37 |  39.8 |      22 |       1 |   4.3
        D:3 |     123 |       0 |   0.0 |      22 |       0 |   0.0
        D:4 |     387 |       0 |   0.0 |      19 |       0 |   0.0
        D:5 |     628 |       0 |   0.0 |      18 |       0 |   0.0
        D:6 |     680 |     241 |  26.2 |      15 |       2 |  11.8
        D:7 |    1931 |       0 |   0.0 |      22 |       0 |   0.0
        D:8 |    1115 |     361 |  24.5 |      24 |       1 |   4.0
        D:9 |    1319 |      99 |   7.0 |      23 |       7 |  23.3
       D:10 |    2576 |     601 |  18.9 |      19 |       5 |  20.8
       D:11 |    4453 |    2699 |  37.7 |      25 |       5 |  16.7
       D:12 |    6693 |    2033 |  23.3 |      14 |       4 |  22.2
       D:13 |    8429 |    7372 |  46.7 |      34 |      29 |  46.0
       D:14 |    4524 |    1904 |  29.6 |      13 |       1 |   7.1
       D:15 |   12570 |    4460 |  26.2 |      25 |      10 |  28.6
     Lair:1 |     917 |    3307 |  78.3 |       6 |      27 |  81.8
     Lair:2 |    2788 |    9863 |  78.0 |       9 |      25 |  73.5
     Lair:3 |    3851 |    1124 |  22.6 |      16 |       2 |  11.1
     Lair:4 |    5029 |    4618 |  47.9 |      18 |      11 |  37.9
     Lair:5 |   11281 |   15970 |  58.6 |      32 |      39 |  54.9
   Shoals:1 |    4983 |    5050 |  50.3 |      11 |      10 |  47.6
   Shoals:2 |   10498 |    3985 |  27.5 |      20 |       4 |  16.7
   Shoals:3 |   18371 |       0 |   0.0 |      37 |       0 |   0.0
   Shoals:4 |    2128 |    4304 |  66.9 |       5 |      14 |  73.7
      Orc:1 |    2724 |    2026 |  42.7 |      50 |       2 |   3.8
      Orc:2 |    2754 |    7268 |  72.5 |      24 |      36 |  60.0
    Volcano |       0 |    4653 | 100.0 |       0 |      16 | 100.0
            +---------+---------+-------+---------+---------+-------

Illustrated notes

Table legend:
 A = Kills in this place as a percentage of kills in entire the game.
 B = Kills by you in this place as a percentage of kills by you in the entire game.
 C = Kills by friends in this place as a percentage of kills by friends in the entire game.
 D = Other kills in this place as a percentage of other kills in the entire game.
 E = Experience gained in this place as a percentage of experience gained in the entire game.
 F = Experience gained in this place divided by the number of levels of this place that you have seen.
                   A       B       C       D       E      F
               +-------+-------+-------+-------+-------+----------------------
         Total | 100.0 | 100.0 | 100.0 | 100.0 | 100.0 | 6886.3
       Dungeon |  47.9 |  49.1 |  37.2 |  33.3 |  33.9 | 4355.0
          Lair |  23.3 |  21.3 |  42.3 |   0.0 |  30.5 | 11749.6
        Shoals |  12.7 |  13.0 |   9.0 |  33.3 |  25.6 | 12329.8
  Orcish Mines |  14.1 |  14.3 |  11.5 |  33.3 |   7.7 | 7386.0
       Volcano |   2.0 |   2.2 |   0.0 |   0.0 |   2.4 | 4653.0
               +-------+-------+-------+-------+-------+----------------------

Table legend: (Time is in decaauts)
 A = Elapsed time spent in this place.
 B = Non-inter-level travel time spent in this place.
 C = Inter-level travel time spent in this place.
 D = Time resting spent in this place.
 E = Time spent auto-exploring this place.
 F = Levels seen in this place.
 G = Mean time per level.
                   A        B        C        D        E       F      G
               +--------+--------+--------+--------+--------+-----+--------+
         Total |  31523 |  29943 |   1580 |    958 |  24023 |  28 | 1125.8 |
       Dungeon |  15968 |  15062 |    906 |    430 |  12082 |  15 | 1064.5 |
        Temple |    260 |    217 |     43 |      0 |    206 |   1 |  260.0 |
          Lair |   9724 |   9347 |    377 |    483 |   7497 |   5 | 1944.8 |
        Shoals |   3351 |   3263 |     88 |      2 |   2740 |   4 |  837.8 |
  Orcish Mines |   1891 |   1726 |    165 |     43 |   1289 |   2 |  945.5 |
       Volcano |    326 |    326 |      0 |      0 |    209 |   1 |  326.0 |
               +--------+--------+--------+--------+--------+-----+--------+

Top non-repeatable levels by time:
  Lair:2: 2678 daAuts
  Lair:5: 2632 daAuts
  Lair:4: 1911 daAuts
  Lair:1: 1385 daAuts
    D:12: 1370 daAuts
     D:8: 1362 daAuts
    D:14: 1282 daAuts
    D:15: 1271 daAuts
    D:13: 1221 daAuts
Shoals:3: 1207 daAuts
     D:3: 1169 daAuts
     D:5: 1163 daAuts
  Lair:3: 1118 daAuts
Shoals:1: 1116 daAuts
     D:6: 1106 daAuts
